 Dungeon Crawl Stone Soup version 0.28-a0-1518-gbe868bca14 (webtiles) character file.

Game seed: 15256889239358541239

526 voltaire321 the Ducker (level 7, -1/52 HPs)
             Began as a Merfolk Transmuter on Jan 17, 2022.
             Was an Initiate of Wu Jian.
             Slain by a killer bee (4 damage)
             ... on level 4 of the Dungeon.
             The game lasted 00:10:25 (3791 turns).

voltaire321 the Ducker (Merfolk Transmuter)         Turns: 3791, Time: 00:10:25

Health: -1/52      AC: 10    Str: 11    XL:     7   Next: 23%
Magic:  11/12      EV: 14    Int: 10    God:    Wu Jian [......]
Gold:   152        SH:  0    Dex: 16    Spells: 6/12 levels left

rFire   . . .      SeeInvis .   a - +2 short sword (protect)
rCold   . . .      Faith    .   (no shield)
rNeg    + . .      Spirit   .   f - +1 robe of Hangman {Int-2 Slay+4}
rPois   .          Reflect  .   (no helmet)
rElec   .          Harm     .   (no cloak)
rCorr   +          Rampage  .   (no gloves)
Will    .....                   (no boots)
Stlth   +.........              b - amulet of magic regeneration
HPRegen 0.17/turn               h - ring of positive energy
MPRegen 0.53/turn               j - ring of resist corrosion

@: lethally poisoned (-1 -> -2), under a protective aura
A: (nimble swimmer 2), mertail
a: Renounce Religion


You were on level 4 of the Dungeon.
You worshipped Wu Jian.
Wu Jian was noncommittal.
You visited 2 branches of the dungeon, and saw 5 of its levels.

You collected 152 gold pieces.

Inventory:

Hand Weapons
 a - a +2 short sword of protection (weapon)
 m - a +3 dagger
Armour
 f - the +1 robe of Hangman (worn) {Int-2 Slay+4}
   (You found it on level 2 of the Dungeon)

   Int:       It affects your intelligence (-2).
   Slay:      It affects your accuracy & damage with ranged weapons and melee
   (+4).
Jewellery
 b - an amulet of magic regeneration (around neck)
 h - a ring of positive energy (left hand)
 j - a ring of resist corrosion (right hand)
Scrolls
 c - a scroll of enchant armour {unknown}
 d - a scroll of noise {unknown}
 e - a scroll of magic mapping {unknown}
 l - a scroll of identify {unknown}
Potions
 i - a potion of haste {unknown}
 k - a potion of curing {unknown}


   Skills:
 + Level 3.3 Fighting
 + Level 4.9 Dodging
 + Level 4.6 Unarmed Combat
 + Level 3.3 Spellcasting
 + Level 4.7 Transmutations
 + Level 2.7 Poison Magic


You had 6 spell levels left.
You knew the following spells:

 Your Spells              Type           Power      Damage    Failure   Level
a - Beastly Appendage     Tmut           22%        N/A       4%          1
b - Wereblood             Tmut           11%        N/A       6%          2
c - Spider Form           Tmut/Pois      9%         N/A       17%         3

Your spell library contained the following spells:

 Spells                   Type           Power      Damage    Failure   Level
 Passwall                 Tmut/Erth      5%         N/A       16%         2
 Foxfire                  Conj/Fire      4%         2x1d4     26%         1
 Ensorcelled Hibernation  Hex/Ice        2%         N/A       38%         2
 Conjure Flame            Conj/Fire      1%         6-21      63%         3
 Inner Flame              Hex/Fire       1%         N/A       63%         3
 Swiftness                Air            1%         N/A       63%         3
 Ice Form                 Ice/Tmut       6%         N/A       71%         4
 Flame Wave               Conj/Fire      1%         2d4       95%         4


Dungeon Overview and Level Annotations

Branches:
Dungeon (4/15)             Temple (1/1) D:4

Altars:
Ashenzari
Gozag
Hepliaklqana
Nemelex Xobeh
Qazlal
Vehumet
Wu Jian


Innate Abilities, Weirdness & Mutations

((You are very nimble when in or above water. (Stealth+, EV+, Speed+++)))
Your lower body shifts to a powerful aquatic tail in water.


Message History

The killer bee stings you but does no damage.
The kobold hits you with a +0 whip. The killer bee misses you.
The black bear bites you but does no damage.
The black bear claws you but does no damage.
The black bear misses you.
You miss the killer bee.
The killer bee is heavily wounded.
You feel sick. The killer bee closely misses you.
The killer bee barely misses you. The killer bee stings you. x2
* * * LOW HITPOINT WARNING * * *
The killer bee completely misses you. x2
The kobold hits you but does no damage. The black bear bites you.
* * * LOW HITPOINT WARNING * * *
The black bear claws you but does no damage. x2
The killer bee completely misses you.
You hit the killer bee.
The killer bee is almost dead.
You feel sick.
The killer bee stings you but does no damage.
The killer bee closely misses you. The killer bee barely misses you.
The killer bee stings you.
* * * LOW HITPOINT WARNING * * *
The killer bee closely misses you. The kobold closely misses you.
The black bear bites you.
* * * LOW HITPOINT WARNING * * *
The black bear closely misses you.
The black bear claws you but does no damage.
The killer bee completely misses you.
You puncture the killer bee!
You kill the killer bee!
The Council accepts your kill.
You feel sick. The killer bee misses you.
The killer bee stings you but does no damage.
The killer bee barely misses you. The kobold barely misses you.
The black bear barely misses you.
The black bear claws you but does no damage.
The black bear closely misses you.
The killer bee stings you but does no damage.
You feel sick. The killer bee closely misses you. The killer bee stings you.
You die...

.#.## # #.#.# #. .
....#.# #...# .# ....#.#
#...# #.....# #####...#
## ##....# #.......###.##
#....## #.............
..#..# #..........#
.###.####......))..#
..#.............@.h#
#........###.###yyK......
##.......# #.# #...##....
#....###########...# ...
.#...# #######..## #
.#...######⌠.⌠##.##
##...#...##.>.##(.
#.......##⌠.⌠##.#
#####...###'###


You could see a black bear, 2 killer bees and a kobold.

Vanquished Creatures
  A phantom (D:4)
  A scorpion (D:4)
  2 killer bees (D:4)
  A howler monkey (D:4)
  A hound (D:4)
  2 orc priests (D:4)
  An orc wizard (D:4)
  A hound skeleton (D:4)
  6 adders
  An adder skeleton (D:4)
  A worm (D:3)
  2 dart slugs
  8 orcs (D:4)
  8 ball pythons
  9 bats
  3 endoplasms
  A giant cockroach (D:2)
  7 goblins
  5 hobgoblins
  6 jackals (D:4)
  3 quokkas
  6 frilled lizards
  8 kobolds
  12 rats
96 creatures vanquished.

Notes
Turn   | Place    | Note
-------+----------+-------------------------------------------
     0 | D:1      | voltaire321 the Merfolk Transmuter began the quest for the
                  | Orb.
     0 | D:1      | Reached XP level 1. HP: 15/15 MP: 3/3
   134 | D:1      | Reached XP level 2. HP: 16/21 MP: 5/5
   393 | D:1      | Learned a level 2 spell: Wereblood
   694 | D:1      | Found a faded altar of an unknown god.
  1117 | D:1      | Reached XP level 3. HP: 27/27 MP: 6/6
  1391 | D:2      | Identified the +1 robe of Hangman {Int-2 Slay+4}
  1453 | D:2      | Learned a level 3 spell: Spider Form
  1712 | D:2      | Reached XP level 4. HP: 26/33 MP: 7/7
  2527 | D:3      | Reached skill level 1 in Poison Magic
  2976 | D:4      | Noticed a scorpion
  2993 | D:4      | Killed a scorpion
  2994 | D:4      | Reached XP level 5. HP: 24/39 MP: 7/9
  3117 | D:4      | Noticed a phantom
  3126 | D:4      | Killed a phantom
  3127 | D:4      | Reached XP level 6. HP: 34/46 MP: 10/10
  3319 | D:4      | Found an opulent altar of Gozag.
  3411 | D:4      | Found a broken altar of Ashenzari.
  3494 | D:4      | Noticed an orc warrior
  3702 | D:4      | Found a staircase to the Ecumenical Temple.
  3707 | Temple   | Entered the Ecumenical Temple
  3713 | Temple   | Became a worshipper of the Wu Jian Council
  3781 | D:4      | Reached XP level 7. HP: 36/52 MP: 11/11
  3791 | D:4      | Slain by a killer bee

Illustrated notes

Levels and vault maps discovered:
D:1:      dpeg_arrival_boxorama, layout_basic,
          hellmonk_ecumenical_altar_leap_of_faith, grunt_decor_mini_mirrors,
          minmay_tromino_v2
D:2:      layout_loops_ring, minmay_rat_gold_closets
D:3:      layout_loops_ring
D:4:      layout_loops_cross, grunt_gozag_statues, lemuel_round_altar,
          temple_doors_ab, kennysheep_doodads, minivault_11,
          hangedman_decor_riveting, guppyfry_early_orc_mine
Temple:   eino_temple_rhombus

Skill      XL: |  1  2  3  4  5  6 |
---------------+-------------------+-----
Dodging        | 3 4 |  4.9
Transmutations | 3 4 |  4.7
Fighting       | 2 3 |  3.3
Poison Magic   | 1 2 |  2.7
Unarmed Combat | 4 |  4.6
Spellcasting   | 3 |  3.3

Action                   |  1- 3 |  4- 6 |  7- 9 || total
-------------------------+-------+-------+-------++-------
Melee: Short sword       |   100 |   114 |     9 ||   223
       Unarmed           |     6 |       |       ||     6
       Punch             |     6 |     1 |     1 ||     8
       Headbutt          |     4 |    16 |       ||    20
       Dagger            |       |     8 |       ||     8
 Cast: Beastly Appendage |    20 |    25 |       ||    45
       Wereblood         |       |     1 |       ||     1
Invok: Lunge             |       |     2 |       ||     2
  Use: Potion            |       |       |     1 ||     1
 Stab: Sleeping          |     3 |       |       ||     3
Armor: Robe              |    24 |    35 |    22 ||    81
Dodge: Dodged            |    63 |   111 |    47 ||   221

Table legend: (Time is in decaauts)
 A = Elapsed time spent in this place.
 B = Non-inter-level travel time spent in this place.
 C = Inter-level travel time spent in this place.
 D = Time resting spent in this place.
 E = Time spent auto-exploring this place.
 F = Levels seen in this place.
 G = Mean time per level.
                   A        B        C        D        E       F      G
               +--------+--------+--------+--------+--------+-----+--------+
         Total |   3810 |   3659 |    151 |    502 |   2362 |   5 |  762.0 |
       Dungeon |   3798 |   3647 |    151 |    502 |   2362 |   4 |  949.5 |
        Temple |     12 |     12 |      0 |      0 |      0 |   1 |   12.0 |
               +--------+--------+--------+--------+--------+-----+--------+

Top non-repeatable levels by time:
     D:1: 1265 daAuts
     D:2: 931 daAuts
     D:3: 928 daAuts
     D:4: 671 daAuts
  Temple: 12 daAuts
